 Dungeon Crawl Stone Soup version 0.23.2-32-g37ab1d4649 (webtiles) character file.

Game seed: 12466803787636295664

541 Mrkan the Conjurer (level 7, -5/51 HPs)
             Began as a Gnoll Conjurer on June 25, 2019.
             Slain by an orc warrior
             ... wielding a +0 hand axe
              (14 damage)
             ... on level 4 of the Dungeon.
             The game lasted 00:10:28 (3669 turns).

Mrkan the Conjurer (Gnoll Conjurer)                 Turns: 3669, Time: 00:10:28

Health: -5/51      AC:  3    Str: 10    XL:     7   Next: 26%
Magic:  8/15       EV: 15    Int: 19    God:
Gold:   201        SH:  0    Dex: 16    Spells: 12/17 levels left

rFire    . . .     SeeInvis .   m - +9 club
rCold    . . .     Gourm    .   (no shield)
rNeg     . . .     Faith    .   a - +0 robe
rPois    .         Spirit   .   (no helmet)
rElec    .         Reflect  .   (no cloak)
rCorr    .         Harm     .   (no gloves)
MR       .....                  u - +0 pair of boots (curse)
Stlth    +++.......             (no amulet)
HPRegen  0.17/turn              (no ring)
MPRegen  0.14/turn              (no ring)

@: no status effects
A: distributed training, fangs 1, strong nose
a: no special abilities


You were on level 4 of the Dungeon.
You were not hungry.

You visited 1 branch of the dungeon, and saw 4 of its levels.

You collected 201 gold pieces.

Inventory:

Hand Weapons
 g - a +0 spear
 m - a +9 club (weapon)
 q - a cursed -3 spear
 v - a +0 hunting sling
Missiles
 i - 32 stones (quivered)
Armour
 a - a +0 robe (worn)
 h - a +0 large shield
 u - a cursed +0 pair of boots (worn)
Jewellery
 b - an uncursed ring of poison resistance {unknown}
 n - a cursed ring of teleportation {unknown}
 A - an uncursed ring of ice {unknown}
Wands
 s - a wand of acid (6)
 t - a wand of flame (22)
Scrolls
 d - 3 scrolls of identify {unknown}
 e - 2 scrolls of enchant weapon {unknown}
 f - 4 scrolls of teleportation {unknown}
 j - a scroll of random uselessness {unknown}
 k - a scroll of remove curse {unknown}
 l - 2 scrolls of fear {unknown}
 y - a scroll of magic mapping {unknown}
Potions
 o - a potion of heal wounds {unknown}
 p - a potion of brilliance {unknown}
 r - a potion of haste
 w - a potion of invisibility {unknown}
 z - a potion of resistance {unknown}
Comestibles
 c - 9 rations
 x - a chunk of flesh


   Skills:
 + Level 2.3 Fighting
 + Level 2.3 Short Blades
 + Level 2.3 Long Blades
 + Level 2.3 Axes
 + Level 2.3 Maces & Flails
 + Level 2.3 Polearms
 + Level 2.3 Staves
 + Level 2.3 Slings
 + Level 2.3 Bows
 + Level 2.3 Crossbows
 + Level 2.3 Throwing
 + Level 2.3 Armour
 + Level 5.1 Dodging
 + Level 4.8 Stealth
 + Level 2.3 Shields
 + Level 2.3 Unarmed Combat
 + Level 5.5 Spellcasting
 + Level 7.4 Conjurations
 + Level 1.9 Hexes
 + Level 1.9 Charms
 + Level 1.9 Summonings
 + Level 1.9 Necromancy
 + Level 1.9 Translocations
 + Level 1.9 Transmutations
 + Level 1.9 Fire Magic
 + Level 1.9 Ice Magic
 + Level 1.9 Air Magic
 + Level 1.9 Earth Magic
 + Level 1.9 Poison Magic
 + Level 2.5 Invocations
 + Level 2.3 Evocations


You had 12 spell levels left.
You knew the following spells:

 Your Spells              Type           Power        Failure   Level  Hunger
a - Magic Dart            Conj           ####         1%          1    None
b - Iskenderun's Mystic   Conj           ####....     5%          4    ####...

Your spell library contained the following spells:

 Spells                   Type           Power        Failure   Level  Hunger
 Searing Ray              Conj           ####..       1%          2    None
 Confusing Touch          Hex            ##....       5%          1    None
 Conjure Flame            Conj/Fire      ###.....     5%          3    ##.....
 Dazzling Spray           Conj/Hex       ###...       5%          3    ##.....
 Mephitic Cloud           Conj/Pois/Air  ###.....     8%          3    ##.....
 Blink                    Tloc           N/A          9%          2    None
 Call Imp                 Summ           ##......     9%          2    None
 Slow                     Hex            ##......     9%          2    None
 Confuse                  Hex            ##......     16%         3    ##.....
 Gell's Gravitas          Tloc           ##........   16%         3    ##.....
 Force Lance              Conj/Tloc      ###.....     17%         4    ####...
 Fulminant Prism          Conj/Hex       ###.......   17%         4    ####...
 Petrify                  Tmut/Erth      ##......     47%         4    ####...
 Metabolic Englaciation   Hex/Ice        ##........   83%         5    #####..
 Yara's Violent Unravell  Hex/Tmut       ##........   83%         5    #####..


Dungeon Overview and Level Annotations

Branches:
Dungeon (4/15)
 Temple: D:4-7

Altars:
Dithmenos
Fedhas
Kikubaaqudgha
Makhleb
Ru
Trog


Innate Abilities, Weirdness & Mutations

Your experience applies equally to all skills.
You have very sharp teeth.
Your uncanny sense of smell can sniff out nearby items.


Message History

Things that are here:
a +0 flail; a +0 leather armour; an orc corpse You hit the orc warrior but do no damage.
The orc wizard points at you and mumbles some strange words.
You resist with some effort. The orc warrior misses you.
Casting: Magic Dart (safe; 1% risk of failure)
Confirm with . or Enter, or press ? or * to list all spells.
Aiming: Magic Dart (safe; 1% risk of failure)
Press: ? - help, Shift-Dir - straight line, f - orc wizard
Aim: an orc wizard, wielding a +0 dagger and wearing a +0 robe The magic dart hits the orc wizard!
The orc wizard is heavily wounded.
The orc warrior hits you with a +0 hand axe!
* * * LOW HITPOINT WARNING * * *
You closely miss the orc warrior. The orc wizard casts a spell at you.
The magic dart hits you.
* * * LOW HITPOINT WARNING * * *
The orc warrior hits you with a +0 hand axe!
You die...

#...........#.......##.#
########...........#.#####.##.#
#...............(....#####.##.###
#...................[............
#.................<.######.#.####
#................................
#...................#...##'#)####
#............###o#)..........#
##########...# #@#...........# ##
#....# #o#....##.....###. #....#
#o#[............'.
########..(.###o#............##.
..........o.....#............##.
........o(##....#....###.....##.
.........(##....#....###........
.........(#####.#...............
.[......oo# #..........##[....


You could see an orc warrior, an orc wizard and 2 orcs.

Vanquished Creatures
  An ogre (D:4)
  A scorpion (D:4)
  A crimson imp (D:4)
  2 orc priests (D:4)
  An orc wizard (D:4)
  Jessica (D:2)
  Robin (D:3)
  4 gnolls (D:2)
  4 adders
  An ooze (D:2)
  3 worms
  5 dart slugs
  7 leopard geckos
  21 orcs
  11 bats
  2 giant cockroaches
  11 goblins
  15 hobgoblins
  4 jackals (D:3)
  3 quokkas
  A ball python (D:2)
  3 frilled lizards
  6 kobolds
  11 rats
120 creatures vanquished.

Notes
Turn   | Place    | Note
-------+----------+-------------------------------------------
     0 | D:1      | Mrkan the Gnoll Conjurer began the quest for the Orb.
     0 | D:1      | Reached XP level 1. HP: 13/13 MP: 6/6
    71 | D:1      | Reached XP level 2. HP: 19/19 MP: 0/7
   500 | D:1      | Reached XP level 3. HP: 25/25 MP: 6/9
   513 | D:1      | Reached skill level 5 in Spellcasting
   977 | D:2      | Reached skill level 1 in Invocations
  1107 | D:2      | Noticed Jessica
  1110 | D:2      | Reached skill level 1 in Fighting
  1110 | D:2      | Reached skill level 1 in Short Blades
  1110 | D:2      | Reached skill level 1 in Long Blades
  1110 | D:2      | Reached skill level 1 in Axes
  1110 | D:2      | Reached skill level 1 in Maces & Flails
  1110 | D:2      | Reached skill level 1 in Polearms
  1110 | D:2      | Reached skill level 1 in Staves
  1110 | D:2      | Reached skill level 1 in Slings
  1110 | D:2      | Reached skill level 1 in Bows
  1110 | D:2      | Reached skill level 1 in Crossbows
  1110 | D:2      | Reached skill level 1 in Throwing
  1110 | D:2      | Reached skill level 1 in Armour
  1110 | D:2      | Reached skill level 1 in Shields
  1110 | D:2      | Reached skill level 1 in Unarmed Combat
  1110 | D:2      | Reached skill level 1 in Evocations
  1112 | D:2      | Killed Jessica
  1112 | D:2      | Reached XP level 4. HP: 28/32 MP: 4/11
  1301 | D:2      | Reached skill level 1 in Hexes
  1301 | D:2      | Reached skill level 1 in Charms
  1301 | D:2      | Reached skill level 1 in Summonings
  1301 | D:2      | Reached skill level 1 in Necromancy
  1301 | D:2      | Reached skill level 1 in Translocations
  1301 | D:2      | Reached skill level 1 in Transmutations
  1301 | D:2      | Reached skill level 1 in Fire Magic
  1301 | D:2      | Reached skill level 1 in Ice Magic
  1301 | D:2      | Reached skill level 1 in Air Magic
  1301 | D:2      | Reached skill level 1 in Earth Magic
  1301 | D:2      | Reached skill level 1 in Poison Magic
  1306 | D:2      | Reached XP level 5. HP: 23/37 MP: 2/12
  1688 | D:2      | Found a bloodstained altar of Trog.
  1912 | D:3      | Found an ancient bone altar of Kikubaaqudgha.
  1913 | D:3      | Found a blossoming altar of Fedhas.
  2101 | D:3      | Found a shadowy altar of Dithmenos.
  2101 | D:3      | Found a sacrificial altar of Ru.
  2114 | D:3      | Found a burning altar of Makhleb.
  2398 | D:3      | Noticed Robin
  2410 | D:3      | Killed Robin
  2412 | D:3      | Reached XP level 6. HP: 19/44 MP: 7/13
  2631 | D:3      | Learned a level 4 spell: Iskenderun's Mystic Blast
  3079 | D:4      | Reached skill level 5 in Dodging
  3163 | D:4      | Noticed an orc warrior
  3529 | D:4      | Reached XP level 7. HP: 50/50 MP: 3/15
  3669 | D:4      | Slain by an orc warrior

Skill      XL: |  1  2  3  4  5  6 |
---------------+-------------------+-----
Spellcasting   | 5 |  5.5
Invocations    | 1 2 |  2.5
Fighting       | 1 2 |  2.3
Short Blades   | 1 2 |  2.3
Long Blades    | 1 2 |  2.3
Axes           | 1 2 |  2.3
Maces & Flails | 1 2 |  2.3
Polearms       | 1 2 |  2.3
Staves         | 1 2 |  2.3
Slings         | 1 2 |  2.3
Bows           | 1 2 |  2.3
Crossbows      | 1 2 |  2.3
Throwing       | 1 2 |  2.3
Armour         | 1 2 |  2.3
Shields        | 1 2 |  2.3
Unarmed Combat | 1 2 |  2.3
Evocations     | 1 2 |  2.3
Hexes          | 1 |  1.9
Charms         | 1 |  1.9
Summonings     | 1 |  1.9
Necromancy     | 1 |  1.9
Translocations | 1 |  1.9
Transmutations | 1 |  1.9
Fire Magic     | 1 |  1.9
Ice Magic      | 1 |  1.9
Air Magic      | 1 |  1.9
Earth Magic    | 1 |  1.9
Poison Magic   | 1 |  1.9
Dodging        | 5 |  5.1
Stealth        | |  4.8
Conjurations   | |  7.4

Action                   |  1- 3 |  4- 6 |  7- 9 || total
-------------------------+-------+-------+-------++-------
Melee: Unarmed           |    22 |       |       ||    22
       Bite              |     4 |     6 |     2 ||    12
       Club              |       |    83 |    15 ||    98
 Cast: Magic Dart        |    54 |   109 |     8 ||   171
       Iskenderun's Myst |       |     7 |     2 ||     9
  Use: Potion            |     1 |       |       ||     1
  Eat: Chunk             |       |     9 |     1 ||    10
Armor: Robe              |     4 |    12 |     2 ||    18
Dodge: Dodged            |    24 |    75 |    12 ||   111
